 Dungeon Crawl Stone Soup version 0.30-a0-721-ga6a225cb13 (webtiles) character file.

Game seed: 14552222345247989114

3 kae the Insei (level 1, -1/15 HPs)
             Began as a Demonspawn Transmuter on Jan 27, 2023.
             Slain by a jackal (2 damage)
             ... on level 1 of the Dungeon.
             The game lasted 00:00:09 (163 turns).

kae the Insei (Demonspawn Transmuter)                Turns: 163, Time: 00:00:09

Health: -1/15      AC:  2    Str: 10    XL:     1   Next: 41%
Magic:  2/3        EV: 12    Int: 14    God:
Gold:   30         SH:  0    Dex: 13    Spells: 3/4 levels left

rFire   . . .      SeeInvis .      - Unarmed
rCold   . . .      Faith    .    (no shield)
rNeg    . . .      Spirit   .    a - +0 robe
rPois   .          Reflect  .    (helmet currently unavailable)
rElec   .          Harm     .    (no cloak)
rCorr   .          Rampage  .    (no gloves)
Will    .....                    (boots currently unavailable)
Stlth   +                        (no amulet)
HPRegen 0.22/turn                (no ring)
MPRegen 0.08/turn                (no ring)

@: appendages
A: horns 2, talons 2
a: End Transformation


You were on level 1 of the Dungeon.
You had temporarily grown beastly horns and talons.
You visited 1 branch of the dungeon, and saw 1 of its levels.

You collected 30 gold pieces.


Innate Abilities, Weirdness & Mutations

You have temporarily grown beastly horns and talons.


   Skills:
 - Level 1.0 Fighting
 - Level 1.7 Dodging
 + Level 2.7 Unarmed Combat
 + Level 2.0 Spellcasting
 * Level 2.0 Transmutations


You had 3 spell levels left.
You knew the following spells:

 Your Spells              Type           Power      Damage    Failure   Level
a - Beastly Appendage     Tmut           14%        N/A       11%         1

Your spell library contained the following spells:

 Spells                   Type           Power      Damage    Failure   Level
 Wereblood                Tmut           7%         N/A       16%         2
 Spider Form              Tmut/Pois      4%         N/A       43%         3
 Ice Form                 Ice/Tmut       4%         N/A       83%         4

Inventory:

Missiles
 c - 12 stones
Armour
 a - a +0 robe (worn)
Scrolls
 d - a scroll of poison {unknown}
Potions
 b - a potion of lignification {!q}

Dungeon Overview and Level Annotations

Branches:
Dungeon (1/15) Zot: 5836

Altars:

####### ##.....########
#########..###.>.......
..........## ##.h######
..).......# ##h# ..#####..### #@#
..#8.8#....# #.# ###..)###8[# #..
+..._...'..### ##.. #### #
###...###8...######. ..# #.
..#8.8#....#....######.####.##
#.#####.#######...###..†.....####
#.......# ###...#.######.....
######### ###.#.########...


You could see 2 jackals.


Message History

A bat is nearby!
A bat is nearby!
The bat hits you but does no damage. x2
You see here a +0 whip.
The bat misses you. 😎 HP[+1] MP[+1]
Your hp is fully restored (15).
Your mp is fully restored (3).
A bat is nearby!
You barely miss the bat. You claw the bat.
You kill the bat!
No target in view!
Your horns disappear.
Your talons disappear.
You open the door.
Found a faded altar of an unknown god.
No target in view!
No target in view!
There is an open door here.
There is an open door here.
Key pressed, stopping explore.
No target in view!
No target in view!
c - 12 stones (gained 1)
You now have 16 gold pieces.
You now have 30 gold pieces (gained 14).
You see here a +0 mace.
Key pressed, stopping explore.
Unknown command.
Found a stone staircase leading down.
A ball python comes into view.
A ball python is nearby!
A ball python is nearby!
A jackal comes into view.
The ball python hisses angrily.
There is a stone staircase leading down here.
The jackal barks!
A jackal comes into view.
Casting: Beastly Appendage (safe; 11% risk of failure)
Confirm with . or Enter, or press ? or * to list all spells.
You grow a pair of large bovine horns.
Your feet morph into talons.
The jackal barks!
A jackal comes into view.
The ball python barely misses you. The ball python grabs you.
The ball python constricts you. 😕 HP[-1] MP[-1]
You take 1 damage, and now have 14/15 hp.
You lost 1 mp, and now have 2/3 mp.
You closely miss the ball python. The ball python bites you.
The ball python constricts you.
You closely miss the ball python. Your headbutt misses the ball python.
The ball python bites you but does no damage.
The ball python constricts you. The jackal closely misses you. 😕 HP[-2]
You take 2 damage, and now have 12/15 hp.
You hit the ball python.
You headbutt the ball python, but do no damage.
Your transformation is almost over.
The jackal closely misses you. The ball python closely misses you.
The ball python constricts you.
You closely miss the ball python. You claw the ball python.
You kill the ball python!
The jackal barely misses you.
Your Transmutations skill increases to level 2! 😕 HP[+1]
You see here a ball python corpse.
Unknown command.
Unknown command.
The jackal attacks as you move away! The jackal misses you. x2
Casting: Beastly Appendage (safe; 11% risk of failure)
Confirm with . or Enter, or press ? or * to list all spells.
You extend your transformation's duration.
The jackal closely misses you. The jackal bites you. 😮 HP[-2] MP[-1]
You take 2 damage, and now have 11/15 hp.
You lost 1 mp, and now have 1/3 mp.
You barely miss the jackal. Your kick misses the jackal.
The jackal bites you. x2
* * * LOW HITPOINT WARNING * * *
😨 HP[-4]
You take 4 damage, and now have 7/15 hp.
MASSIVE DAMAGE!! (PAUSE)
You closely miss the jackal. Your kick misses the jackal. The jackal bites you.
* * * LOW HITPOINT WARNING * * *
😨 HP[-3] MP[+1]
You take 3 damage, and now have 4/15 hp.
Unknown command.
You miss the jackal. Your kick misses the jackal. The jackal bites you.
* * * LOW HITPOINT WARNING * * *
😱 HP[-2]
You take 2 damage, and now have 2/15 hp.
You closely miss the jackal. You claw the jackal.
The jackal completely misses you. The jackal bites you.
* * * LOW HITPOINT WARNING * * *
Unknown command. 😱 HP[-1]
You take 1 damage, and now have 1/15 hp.
You hit the jackal.
You kill the jackal!
The jackal bites you.
You die...

Skill      XL: |  1 |
---------------+----+-----
Transmutations | 2 |  2.0
Fighting       | |  1.0
Dodging        | |  1.7
Unarmed Combat | |  2.7
Spellcasting   | |  2.0

Action                     || total
---------------------------++-------
  Melee: Unarmed           ||    13
         Kick              ||     4
         Headbutt          ||     1
   Cast: Beastly Appendage ||     4
 Armour: Robe              ||     4
  Dodge: Dodged            ||    16

Levels and vault maps discovered:
D:1:      amcnicky_arrival_wind_blow, layout_rooms,
          dreamdust_ecumenical_altar_angels_and_demons

Notes
Turn   | Place    | Note
-------+----------+-------------------------------------------
     0 | D:1      | kae the Demonspawn Transmuter began the quest for the Orb.
     0 | D:1      | Reached XP level 1. HP: 15/15 MP: 3/3
     0 | D:1      | magus.rc [v1.11.3]
    86 | D:1      | Found a faded altar of an unknown god.
   155 | D:1      | Reached skill level 2 in Transmutations
   161 | D:1      | HP: 2/15 [jackal (2)]
   163 | D:1      | Slain by a jackal

Vanquished Creatures
  2 bats (D:1)
  A jackal (D:1)
  2 ball pythons (D:1)
5 creatures vanquished.

Table legend:
 A = Non-vault XP
 B = Vault XP
 C = Vault XP percentage of total XP
 D = Non-vault monster count
 E = Vault monster count
 F = Vault count percentage of total count
                 A         B        C        D         E       F
            +---------+---------+-------+---------+---------+-------
      Total |       7 |       0 |   0.0 |       5 |       0 |   0.0
            +---------+---------+-------+---------+---------+-------
        D:1 |       7 |       0 |   0.0 |       5 |       0 |   0.0
            +---------+---------+-------+---------+---------+-------

Illustrated notes

Table legend:
 A = Kills in this place as a percentage of kills in entire the game.
 B = Kills by you in this place as a percentage of kills by you in the entire game.
 C = Kills by friends in this place as a percentage of kills by friends in the entire game.
 D = Other kills in this place as a percentage of other kills in the entire game.
 E = Experience gained in this place as a percentage of experience gained in the entire game.
 F = Experience gained in this place divided by the number of levels of this place that you have seen.
                   A       B       C       D       E      F
               +-------+-------+-------+-------+-------+----------------------
         Total | 100.0 | 100.0 |   N/A |   N/A | 100.0 |   7.0
       Dungeon | 100.0 | 100.0 |   N/A |   N/A | 100.0 |   7.0
               +-------+-------+-------+-------+-------+----------------------

Table legend: (Time is in decaauts)
 A = Elapsed time spent in this place.
 B = Non-inter-level travel time spent in this place.
 C = Inter-level travel time spent in this place.
 D = Time resting spent in this place.
 E = Time spent auto-exploring this place.
 F = Levels seen in this place.
 G = Mean time per level.
                   A        B        C        D        E       F      G
               +--------+--------+--------+--------+--------+-----+--------+
         Total |    162 |    162 |      0 |      0 |    126 |   1 |  162.0 |
       Dungeon |    162 |    162 |      0 |      0 |    126 |   1 |  162.0 |
               +--------+--------+--------+--------+--------+-----+--------+

Top non-repeatable levels by time:
     D:1: 162 daAuts
